 Dungeon Crawl Stone Soup version 0.31-a0-426-g3a05650e59 (webtiles) character file.

Game seed: 10420154487112659935

4 mopl the Grasshopper (level 1, -1/12 HPs)
             Began as a Tengu Warper on July 30, 2023.
             Slain by a hobgoblin (2 damage)
             ... on level 1 of the Dungeon.
             The game lasted 00:00:20 (40 turns).

mopl the Grasshopper (Tengu Warper)                   Turns: 40, Time: 00:00:21

Health: -1/12      AC:  3    Str: 11    XL:     1   Next: 60%
Magic:  4/4        EV: 12    Int: 13    God:
Gold:   14         SH:  0    Dex: 13    Spells: 4/4 levels left

rFire   . . .        a - +0 falchion
rCold   . . .        (no shield)
rNeg    . . .        b - +0 leather armour
rPois   .            (helmet restricted)
rElec   .            (no cloak)
rCorr   .            (no gloves)
SInv    .            (boots unavailable)
Will    .....        (no amulet)
Stlth   +            (no ring)
HPRegen 0.22/turn    (no ring)
MPRegen 0.09/turn

%: no passive effects
@: no status effects
A: beak, talons 3
a: no special abilities


You were on level 1 of the Dungeon.
You visited 1 branch of the dungeon, and saw 1 of its levels.

You collected 14 gold pieces.

Inventory:

Hand Weapons
 a - a +0 falchion (weapon)
Missiles
 d - 7 darts of dispersal (quivered)
Armour
 b - a +0 leather armour (worn)
Scrolls
 c - a scroll of blinking
 g - a scroll of identify {unknown}
Potions
 e - a potion of invisibility {unknown}
 f - 2 potions of lignification {unknown}


   Skills:
 + Level 2.0 Fighting
 * Level 2.3 Long Blades
 - Level 1.0 Throwing
 + Level 1.2 Armour
 + Level 2.2 Dodging
 + Level 2.0 Spellcasting
 + Level 2.4 Translocations


You had 4 spell levels left.
You didn't know any spells.
Your spell library contained the following spells:

 Spells                   Type           Power      Damage    Failure   Level
 Blink                    Tloc           14%        N/A       19%         2
 Lesser Beckoning         Tloc           14%        N/A       19%         2
 Teleport Other           Tloc           7%         N/A       36%         3
 Vhi's Electric Charge    Tloc/Air       8%         N/A       52%         3
 Manifold Assault         Tloc           7%         N/A       77%         4


Dungeon Overview and Level Annotations

Branches:
Dungeon (1/15)

Altars:


Innate Abilities, Weirdness & Mutations

You have a beak for a mouth.
You have claws for feet.


Message History

You kill the goblin!
The dart slug launches a dart at you. The slug dart hits you.
The ball python bites you but does no damage.
The ball python grabs you. The ball python constricts you.
You barely miss the ball python. The ball python barely misses you.
The ball python constricts you.
The giant cockroach bites you but does no damage.
You barely miss the ball python. The ball python barely misses you.
The ball python constricts you. The giant cockroach bites you.
The ball python barely misses you. The ball python constricts you.
You barely miss the ball python. Your kick misses the ball python.
Your peck misses the ball python.
The giant cockroach bites you but does no damage.
The ball python barely misses you. The ball python constricts you.
The giant cockroach barely misses you.
You closely miss the ball python. Your peck misses the ball python.
The ball python bites you but does no damage.
The ball python constricts you. The giant cockroach closely misses you.
The ball python barely misses you. The ball python constricts you.
The dart slug bites the bush but does no damage.
You barely miss the ball python. You claw the ball python.
You kill the ball python!
A goblin comes into view. It is wielding a +3 dagger of venom.
The giant cockroach closely misses you. The hobgoblin hits you.
The goblin moves out of view.
You are too injured to fight recklessly!
You hit the hobgoblin. Your kick misses the hobgoblin.
The hobgoblin is moderately wounded.
The giant cockroach closely misses you.
The dart slug bites the bush but does no damage.
The dart slug launches a dart at you. The slug dart hits you.
* * * LOW HITPOINT WARNING * * *
The giant cockroach barely misses you.
The hobgoblin hits you but does no damage.
You hit the giant cockroach. You peck the giant cockroach.
You kill the giant cockroach!
The hobgoblin hits you.
You die...

###.....P≈...≈P!...
#........§...≈.....
#........≈...§.....
#.......P≈...≈P....
###......≈...≈....
..........≈.≈....
.........P≈.≈P...
...........§.≈...
........w@.≈§§....
.......wgP≈§§P...
..........§§≈§...
###......$..§....
...............#
.>##............ ..
........#####
#g........


You could see 2 dart slugs, a hobgoblin and a goblin (wandering).

Vanquished Creatures
  A ball python (D:1)
  A giant cockroach (D:1)
  A hobgoblin (D:1)
  A bat (D:1)
  A goblin (D:1)
5 creatures vanquished.

Notes
Turn   | Place    | Note
-------+----------+-------------------------------------------
     0 | D:1      | mopl the Tengu Warper began the quest for the Orb.
     0 | D:1      | Reached XP level 1. HP: 12/12 MP: 4/4
    40 | D:1      | Slain by a hobgoblin

Illustrated notes

Levels and vault maps discovered:
D:1:      orjb1_lava_funnel, layout_rooms, minmay_misc_feat_diagonals

Action                     || total
---------------------------++-------
  Melee: Falchion          ||    12
         Kick              ||     3
         Peck              ||     1
 Armour: Leather armour    ||     5
  Dodge: Dodged            ||    15

Table legend: (Time is in decaauts)
 A = Elapsed time spent in this place.
 B = Non-inter-level travel time spent in this place.
 C = Inter-level travel time spent in this place.
 D = Time resting spent in this place.
 E = Time spent auto-exploring this place.
 F = Levels seen in this place.
 G = Mean time per level.
                   A        B        C        D        E       F      G
               +--------+--------+--------+--------+--------+-----+--------+
         Total |     42 |     42 |      0 |      0 |     17 |   1 |   42.0 |
       Dungeon |     42 |     42 |      0 |      0 |     17 |   1 |   42.0 |
               +--------+--------+--------+--------+--------+-----+--------+

Top non-repeatable levels by time:
     D:1: 42 daAuts
